 Dungeon Crawl Stone Soup version 0.28-a0-1142-gc8569940dd (webtiles) character file.

Game seed: 10206025800776198642

192 LadyOphelia the Bolt Thrower (level 5, -1/69 HPs)
             Began as a Deep Dwarf Hunter on Dec 13, 2021.
             Was a Believer of Wu Jian.
             Succumbed to a kobold brigand's poison
             ... in a sewer.
             The game lasted 00:14:28 (2311 turns).

LadyOphelia the Bolt Thrower (Deep Dwarf Hunter)    Turns: 2311, Time: 00:14:28

Health: -1/69      AC:  3    Str: 16    XL:     5   Next: 42%
Magic:  1/1        EV: 12    Int: 11    God:    Wu Jian [**....]
Gold:   92         SH:  5    Dex: 15    Spells: 4/4 levels left

rFire   . . .      SeeInvis .   m - +3 short sword
rCold   . . .      Faith    .   (no shield)
rNeg    . . .      Spirit   .   c - +0 leather armour
rPois   .          Reflect  +   (no helmet)
rElec   .          Harm     .   (no cloak)
rCorr   .          Rampage  .   (no gloves)
Will    .....                   (no boots)
Stlth   ..........              i - amulet of reflection
HPRegen 0.00/turn               (no ring)
MPRegen 0.07/turn               (no ring)

@: berserking, lethally poisoned (-1 -> -6), slowed
A: damage resistance, heal wounds, sense surroundings 1, no regeneration
a: Heal Wounds, Renounce Religion, Wall Jump


You were in a sewer.
You worshipped Wu Jian.
Wu Jian was pleased with you.
You visited 1 branch of the dungeon, and saw 3 of its levels.
You also visited: Sewer.

You collected 92 gold pieces.

Inventory:

Hand Weapons
 a - a +1 hand crossbow of flaming
 m - a +3 short sword (weapon)
Missiles
 d - 3 bolts
 h - 6 boomerangs (quivered)
Armour
 c - a +0 leather armour (worn)
Jewellery
 i - an amulet of reflection (around neck)
Scrolls
 l - 2 scrolls of fog
 n - a scroll of magic mapping {unknown}
Potions
 e - 2 potions of cancellation
 f - 2 potions of attraction
 g - 2 potions of ambrosia
 k - a potion of mutation {unknown}
 o - a potion of heal wounds {unknown}


   Skills:
 + Level 2.4 Fighting
 + Level 6.1 Crossbows
 + Level 2.1 Armour
 + Level 3.0 Dodging
 + Level 2.0 Stealth


You had 4 spell levels left.
You didn't know any spells.
Your spell library was empty.

Dungeon Overview and Level Annotations

Branches:
Dungeon (3/15)              Sewer (1/1)

Altars:
Wu Jian


Innate Abilities, Weirdness & Mutations

You are resistant to damage.
You can heal yourself by infusing magical energy.
You passively map a small area around you.
You do not regenerate.


Message History

The kobold completely misses you.
The kobold brigand hits you with a +2 dagger of venom!
You are more poisoned.
Your magical essence is drained by the effort!
You feel much better.
You feel very sick.
The kobold brigand hits you with a +0 short sword.
The kobold misses you.
The kobold brigand hits you with a +2 dagger of venom!
You are more poisoned.
The kobold brigand hits you with a +0 short sword.
A red film seems to cover your vision as you go berserk!
You feel yourself moving faster!
You feel mighty!
You feel extremely sick. The kobold hits you with a +0 dagger.
The kobold brigand hits you with a +2 dagger of venom.
You are more poisoned.
The kobold brigand hits you with a +0 short sword.
The kobold splashes around in the water.
The kobold brigand barely misses you.
You hit the kobold brigand.
The kobold brigand is moderately wounded.
You feel extremely sick.
The kobold brigand hits you with a +0 short sword.
* * * LOW HITPOINT WARNING * * *
The kobold closely misses you.
The kobold brigand hits you with a +2 dagger of venom.
* * * LOW HITPOINT WARNING * * *
You are lethally poisoned!
You puncture the kobold brigand!
The kobold brigand is heavily wounded.
* * * LOW HITPOINT WARNING * * *
You feel extremely sick. You block the kobold brigand's attack.
The kobold hits you with a +0 dagger.
* * * LOW HITPOINT WARNING * * *
The kobold brigand barely misses you. The kobold brigand misses you.
You are too berserk!
You hit the kobold brigand.
The kobold brigand is severely wounded.
You die...

* §.' , ,,,' ,..',
≈≈ , ,... ≈ * ** *
..# *
#############'####
*
#≈≈≈#≈≈≈≈≈≈#(..#≈≈
≈
#≈..≈≈).KK5)(....≈
#≈≈≈#..)@KK#...#.
#≈≈ #)#######≈##
#### #≈
#......#≈≈≈#..... #
#≈≈≈...#≈≈≈#..≈≈≈ *
#≈≈≈≈≈...≈...≈≈≈≈
≈≈
#≈≈≈≈≈≈#...#≈≈≈≈≈ ≈
#≈≈≈≈≈≈≈...#≈≈≈≈≈ *
#≈≈≈≈≈≈#...#≈≈≈≈≈
≈#≈≈≈≈≈≈#...≈≈≈≈≈≈≈


You could see 2 kobold brigands, a quasit and 2 kobolds.

Vanquished Creatures
  Natasha (thrice) (D:2)
  2 adders (D:2)
  A shadow imp (Sewer)
  2 ufetubi (Sewer)
  2 dart slugs
  5 endoplasms (D:1)
  3 giant cockroaches (D:1)
  3 goblins
  7 hobgoblins
  6 jackals (D:1)
  22 kobolds
  2 quokkas
  7 ball pythons
  7 bats
  2 frilled lizards
  2 rats
76 creatures vanquished.

Vanquished Creatures (others)
  A kobold (Sewer)
  A kobold zombie (Sewer)
2 creatures vanquished.

Grand Total: 78 creatures vanquished

Notes
Turn   | Place    | Note
-------+----------+-------------------------------------------
     0 | D:1      | LadyOphelia the Deep Dwarf Hunter began the quest for the
                  | Orb.
     0 | D:1      | Reached XP level 1. HP: 19/19 MP: 1/1
    84 | D:1      | Reached XP level 2. HP: 12/26 MP: 2/2
   745 | D:1      | Reached XP level 3. HP: 32/32 MP: 2/2
   854 | D:1      | Found a faded altar of an unknown god.
   862 | D:1      | Prayed at the altar of an unknown god.
   862 | D:1      | Became a worshipper of the Wu Jian Council
   862 | D:1      | Reached * piety under Wu Jian
   930 | D:1      | Reached skill level 5 in Crossbows
  1721 | D:2      | Noticed Natasha
  1724 | D:2      | Killed Natasha
  1725 | D:2      | Reached skill level 1 in Armour
  1725 | D:2      | Reached XP level 4. HP: 39/39 MP: 3/3
  1810 | D:2      | Reached ** piety under Wu Jian
  1961 | D:2      | Noticed Natasha
  1964 | D:2      | Killed Natasha
  1996 | D:2      | Noticed Natasha
  2001 | D:2      | Killed Natasha
  2002 | D:2      | Reached XP level 5. HP: 40/46 MP: 4/4
  2129 | D:3      | Found a glowing drain.
  2134 | Sewer    | Entered a sewer
  2276 | Sewer    | Reached skill level 6 in Crossbows
  2311 | Sewer    | Succumbed to a kobold brigand's poison

Illustrated notes

Levels and vault maps discovered:
D:1:      scummos_arrival_star, layout_basic, basic_ecumenical_altar
D:2:      layout_basic, uniq_natasha
D:3:      minmay_skewed_foursquare, layout_rooms, portal_sewer_entry_e,
          chequers_serial_rivers_micro_b, minmay_misc_feat_encased, st_stairs_7,
          uniq_jessica
Sewer:    kennysheep_sewer_church

Skill      XL: |  1  2  3  4  5 |
---------------+----------------+-----
Fighting       | 2 |  2.4
Crossbows      | 5 6 |  6.1
Armour         | 1 2 |  2.1
Stealth        | 2 |  2.0
Dodging        | 3 |  3.0

Action                   |  1- 3 |  4- 6 || total
-------------------------+-------+-------++-------
Melee: Short sword       |    47 |    11 ||    58
 Fire: Hand crossbow     |    78 |    57 ||   135
 Abil: Heal Wounds       |     2 |     7 ||     9
  Use: Scroll            |     1 |     4 ||     5
       Potion            |       |     2 ||     2
Armor: Leather armour    |    54 |     7 ||    61
Dodge: Dodged            |   107 |    37 ||   144
Block: Other             |     2 |    23 ||    25
       Reflection        |       |     1 ||     1

Table legend: (Time is in decaauts)
 A = Elapsed time spent in this place.
 B = Non-inter-level travel time spent in this place.
 C = Inter-level travel time spent in this place.
 D = Time resting spent in this place.
 E = Time spent auto-exploring this place.
 F = Levels seen in this place.
 G = Mean time per level.
                   A        B        C        D        E       F      G
               +--------+--------+--------+--------+--------+-----+--------+
         Total |   2380 |   2329 |     51 |    322 |   1256 |   4 |  595.0 |
       Dungeon |   2177 |   2126 |     51 |    322 |   1256 |   3 |  725.7 |
         Sewer |    202 |    202 |      0 |      0 |      0 |   1 |  202.0 |
               +--------+--------+--------+--------+--------+-----+--------+

Top non-repeatable levels by time:
     D:1: 1253 daAuts
     D:2: 820 daAuts
   Sewer: 202 daAuts
     D:3: 103 daAuts
